 Dungeon Crawl Stone Soup version 0.23-b1-84-g6588a6b (webtiles) character file.

Game seed: 16782186605575039084

11 caec the Magician (level 2, 0/19 HPs)
             Began as a Demonspawn Wizard on Feb 9, 2019.
             Slain by a hobgoblin
             ... wielding a +0 club
              (3 damage)
             ... on level 1 of the Dungeon.
             The game lasted 00:02:45 (741 turns).

caec the Magician (Demonspawn Wizard)                Turns: 741, Time: 00:02:46

Health: 0/19       AC:  2    Str:  7    XL:     2   Next: 13%
Magic:  0/6        EV: 12    Int: 19    God:
Gold:   32         SH:  4    Dex: 11    Spells: 2/7 levels left

rFire    + . .     SeeInvis .   c - +0 short sword
rCold    . . .     Gourm    .   (no shield)
rNeg     . . .     Faith    .   a - +0 robe
rPois    .         Spirit   .   b - +0 hat
rElec    .         Reflect  .   (no cloak)
rCorr    .         Harm     .   (no gloves)
MR       .....                  (no boots)
Stlth    ++........             (no amulet)
HPRegen  0.06/turn              g - ring of protection from fire
MPRegen  0.10/turn              (no ring)

@: no status effects
A: large bone plates 1
a: no special abilities


You were on level 1 of the Dungeon.
You were not hungry.

You visited 1 branch of the dungeon, and saw 1 of its levels.

You collected 32 gold pieces.

Inventory:

Hand Weapons
 c - a +0 short sword (weapon)
Armour
 a - a +0 robe (worn)
 b - a +0 hat (worn)
Jewellery
 g - a ring of protection from fire (left hand)
Scrolls
 e - a scroll of noise {unknown}
 f - a scroll of fear {unknown}
Potions
 h - a potion of flight {unknown}
Comestibles
 d - 2 rations


   Skills:
 + Level 2.0 Dodging
 + Level 2.1 Stealth
 + Level 3.1 Spellcasting
 + Level 1.3 Conjurations
 - Level 1.0 Summonings
 - Level 0.8 Translocations


You had 2 spell levels left.
You knew the following spells:

 Your Spells              Type           Power        Failure   Level  Hunger
a - Magic Dart            Conj           #...         9%          1    None
b - Call Imp              Summ           #.......     16%         2    ##.....
c - Blink                 Tloc           N/A          16%         2    ##.....

Your spell library contained the following spells:

 Spells                   Type           Power        Failure   Level  Hunger
 Slow                     Hex            #.......     22%         2    ##.....
 Conjure Flame            Conj/Fire      #.......     34%         3    ###....
 Mephitic Cloud           Conj/Pois/Air  #.......     36%         3    ###....


Dungeon Overview and Level Annotations

Branches:
Dungeon (1/15)

Altars:


Innate Abilities, Weirdness & Mutations

You are partially covered in large bone plates. (SH +4)


Message History

The magic dart hits the hobgoblin.
The hobgoblin is moderately wounded.
The hobgoblin barely misses you.
Casting: Magic Dart (safe; 9% risk of failure)
Confirm with . or Enter, or press ? or * to list all spells.
Aiming: Magic Dart (safe; 9% risk of failure)
Press: ? - help, Shift-Dir - straight line, f/p - hobgoblin
Aim: a hobgoblin, wielding a +0 club (lightly wounded, unusually agile)
The magic dart hits the hobgoblin.
The hobgoblin is heavily wounded.
The hobgoblin barely misses you.
Casting: Magic Dart (safe; 9% risk of failure)
Confirm with . or Enter, or press ? or * to list all spells.
Aiming: Magic Dart (safe; 9% risk of failure)
Press: ? - help, Shift-Dir - straight line, f/p - hobgoblin
Aim: a hobgoblin, wielding a +0 club (heavily wounded, unusually agile)
The magic dart hits the hobgoblin.
The hobgoblin is almost dead.
The hobgoblin hits you with a +0 club.
You die...

#.....###.###......####.#.......#
#.###.##..# ######......#.......#
#.# #.##.## #..............#
#.###....## ####.####.........#
#....#....## ##....##...........#
##......#..###..#####.#.####.####
.........#.##..###...†#g# ...
#.....##.#.....##..##...# ####
#.....#^.......g@.# ..#.#
##......##..#..#### .##.#
#....#####....# .# ..#
#...........#... $ ##
#....#########..... ........
..... ..##..... ..... #. .###...
..... ## . ...


You could see a hobgoblin.

Vanquished Creatures
  2 goblins (D:1)
  A hobgoblin (D:1)
  2 jackals (D:1)
  2 kobolds (D:1)
  3 rats (D:1)
10 creatures vanquished.

Notes
Turn   | Place    | Note
-------+----------+-------------------------------------------
     0 | D:1      | caec the Demonspawn Wizard began the quest for the Orb.
     0 | D:1      | Reached XP level 1. HP: 13/13 MP: 4/4
   589 | D:1      | Gained mutation: You are partially covered in large bone
                  | plates. (SH +4) [demonic ancestry]
   589 | D:1      | Reached XP level 2. HP: 19/19 MP: 3/6
   621 | D:1      | Learned a level 2 spell: Call Imp
   624 | D:1      | Learned a level 2 spell: Blink
   741 | D:1      | Slain by a hobgoblin

Skill      XL: |  1 |
---------------+----+-----
Stealth        | 2 |  2.1
Dodging        | 2 |  2.0
Spellcasting   | |  3.1
Conjurations   | |  1.3
Summonings     | |  1.0
Translocations | |  0.8

Action                   || total
-------------------------++-------
Melee: Unarmed           ||    12
       Short sword       ||     9
 Cast: Magic Dart        ||    30
Dodge: Dodged            ||    15
Block: Other             ||     4
